 Dungeon Crawl Stone Soup version 0.32-a0-418-g34023cf50c (webtiles) character file.

Game seed: 6736329150025944755

500 Eptagon the Charlatan (level 7, -4/52 HPs)
             Began as a Coglin Wanderer on Feb 21, 2024.
             Was a Priest of Cheibriados.
             Slain by Pikel
             ... wielding a +2 whip of freezing
              (10 damage)
             ... on level 4 of the Dungeon.
             The game lasted 00:07:05 (3197 turns).

Eptagon the Charlatan (Coglin Wanderer)             Turns: 3197, Time: 00:07:06

Health: -4/52      AC:  9    Str: 21    XL:     7   Next: 16%
Magic:  8/8        EV: 10    Int: 15    God:    Cheibriados [***...]
Gold:   130        SH:  0    Dex: 21    Spells: 8/8 levels left

rFire   . . .        a - +2 hand axe {Edeltraud}
rCold   . . .        p - +0 hand axe {Etsuko}
rNeg    . . .        r - +3 ring mail
rPois   .            (no helmet)
rElec   .            h - +0 cloak
rCorr   +            (no gloves)
SInv    .            (no boots)
Will    .....        (no amulet)
Stlth   +            m - ring of resist corrosion
HPRegen 0.28/turn    (no ring)
MPRegen 0.11/turn

%: no passive effects
@: very slow
A: off-hand wielding, slow wielding, warmup strikes, legs shutdown
a: Renounce Religion, Bend Time, Temporal Distortion


You were on level 4 of the Dungeon.
You worshipped Cheibriados.
Cheibriados was most pleased with you.
You visited 1 branch of the dungeon, and saw 4 of its levels.

You collected 130 gold pieces.

Inventory:

Hand Weapons
 a - a +2 hand axe (weapon) {Edeltraud}
 p - a +0 hand axe (offhand) {Etsuko}
Armour
 f - a +0 helmet
 h - a +0 cloak (worn)
 r - a +3 ring mail (worn)
Jewellery
 m - a ring of resist corrosion (left grasper)
Wands
 b - a wand of polymorph (6) (quivered)
 l - a wand of flame (6)
 n - a wand of charming (6)
Scrolls
 c - 3 scrolls of fog
 d - 3 scrolls of identify {unknown}
 e - a scroll of enchant armour {unknown}
 j - a scroll of fear {unknown}
 k - a scroll of teleportation {unknown}
 o - 2 scrolls of amnesia {unknown}
Potions
 g - a potion of degeneration {unknown}
 i - a potion of lignification {unknown}
 q - a potion of berserk rage {unknown}


   Skills:
 + Level 3.4 Fighting
 + Level 4.4 Axes
 + Level 2.7 Armour
 - Level 1.0 Spellcasting
 - Level 1.0 Translocations
 + Level 2.1 Invocations
 + Level 6.8 Evocations


You had 8 spell levels left.
You didn't know any spells.
Your spell library contained the following spells:

 Spells                   Type           Power      Damage    Failure   Level
 Blink                    Tloc           6%         N/A       36%         2
 Lesser Beckoning         Tloc           6%         N/A       36%         2
 Alistair's Intoxication  Alch           0%         N/A       100%        5
 Borgnjor's Vile Clutch   Necr/Erth      0%         N/A       100%        5
 Eringya's Noxious Bog    Alch           0%         4d6       100%        6
 Haunt                    Necr/Summ      0%         N/A       100%        7
 Borgnjor's Revivificati  Necr           0%         N/A       100%        8
 Death's Door             Necr           0%         N/A       100%        9


Dungeon Overview and Level Annotations

Branches:
Dungeon (4/15)
 Temple: D:4-7

Altars:
Cheibriados
Hepliaklqana
Nemelex Xobeh
Uskayaw
Xom

Annotations:
D:4 Pikel


Innate Abilities, Weirdness & Mutations

You can wield a second weapon in your off-hand.
It takes a long time for you to wield or remove held weapons.
Your first few attacks do less damage.
Attacking and casting redirects power from your legs.


Message History

You closely miss Pikel with your +2 hand axe.
Pikel is heavily wounded.
You closely miss Pikel with your +0 hand axe.
Pikel hits you with a +2 whip of freezing!
* * * LOW HITPOINT WARNING * * *
Pikel freezes you.
* * * LOW HITPOINT WARNING * * *
Aiming: Polymorph
Press: ? - help, Shift-Dir - straight line, f/p - Pikel
Aim: Pikel, wielding a +2 whip of freezing and wearing a +0 robe (heavily wounded, will become a tengu, a raiju, or a scorpion, chance to affect: 66%)
Okay, then.
Okay, then.
Aiming: Charm
Press: ? - help, Shift-Dir - straight line, f/p - Pikel
Aim: Pikel, wielding a +2 whip of freezing and wearing a +0 robe (heavily wounded, chance to affect: 66%) Pikel is charmed.
You are no longer unable to travel.
Found a notched peridot ring.
Pikel is no longer charmed.
Pikel hits you with a +2 whip of freezing!
* * * LOW HITPOINT WARNING * * *
Pikel freezes you.
* * * LOW HITPOINT WARNING * * *
You see here a +6 ring of dexterity.
Aiming: Charm
Press: ? - help, Shift-Dir - straight line, f/p - Pikel
Aim: Pikel, wielding a +2 whip of freezing and wearing a +0 robe (heavily wounded, chance to affect: 66%) Pikel struggles to resist.
Pikel hits you with a +2 whip of freezing.
* * * LOW HITPOINT WARNING * * *
Pikel freezes you.
* * * LOW HITPOINT WARNING * * *
Aiming: Charm
Press: ? - help, Shift-Dir - straight line, f/p - Pikel
Aim: Pikel, wielding a +2 whip of freezing and wearing a +0 robe (heavily wounded, chance to affect: 66%) Pikel struggles to resist.
Pikel hits you with a +2 whip of freezing!
You die...
Pikel says, "Another soul for the market."
Cheibriados appreciates the motionlessness of death.

.###...###...###...##
.#.###.#.....#.###.#
#.. #...#...#...#...
#.. #...#####...#...
#.. #...# #.. #...
#.###.#.....#. ##.#
##...###...### .##
#..K..# ###.# .. #
#...#@..#...# . ..#.
#.. #####...# #### #
..# #. .## # . # .. #
#... #.. #...


You could see Pikel.

Vanquished Creatures
  Grinder (D:3)
  2 lemures (D:4)
  Crazy Yiuf (D:3)
  4 adders
  5 dart slugs
  4 ribbon worms
  5 orcs (D:3)
  4 bats
  10 endoplasms
  5 giant cockroaches
  3 goblins
  4 hobgoblins
  4 jackals (D:1)
  2 quokkas
  3 ball pythons
  2 frilled lizards
  9 kobolds
  10 rats
78 creatures vanquished.

Vanquished Creatures (collateral kills)
  A black bear (D:4)
  2 endoplasms (D:4)
  A kobold (D:4)
4 creatures vanquished.

Grand Total: 82 creatures vanquished

Notes
Turn   | Place    | Note
-------+----------+-------------------------------------------
     0 | D:1      | Eptagon the Coglin Wanderer began the quest for the Orb.
     0 | D:1      | Eptagon set off with the following items: a +2 hand axe
                  | {Edeltraud}, a wand of polymorph (6), a scroll of fog, a +0
                  | leather armour; and the following spells available to
                  | memorise: Blink, Lesser Beckoning.
     0 | D:1      | Reached XP level 1. HP: 15/15 MP: 2/2
    75 | D:1      | Reached XP level 2. HP: 21/21 MP: 3/3
   102 | D:1      | Reached XP level 3. HP: 13/26 MP: 4/4
   105 | D:1      | Reached skill level 1 in Armour
   447 | D:1      | Found a faded altar of an unknown god.
   465 | D:1      | Prayed at the altar of an unknown god.
   465 | D:1      | Became a worshipper of Cheibriados the Contemplative
   465 | D:1      | Reached * piety under Cheibriados
   849 | D:2      | Reached XP level 4. HP: 33/33 MP: 5/5
  1139 | D:2      | Found a shimmering altar of Xom.
  1170 | D:2      | Reached skill level 6 in Evocations
  1170 | D:2      | Reached ** piety under Cheibriados
  1371 | D:2      | Reached XP level 5. HP: 37/39 MP: 6/6
  1962 | D:3      | Noticed Grinder
  1976 | D:3      | Reached skill level 1 in Invocations
  2104 | D:3      | Paralysed by Grinder for 3 turns
  2117 | D:3      | Killed Grinder
  2118 | D:3      | Reached XP level 6. HP: 20/47 MP: 7/7
  2394 | D:3      | Found a runed translucent door.
  2395 | D:3      | Noticed Crazy Yiuf
  2537 | D:3      | Found a hide-covered altar of Uskayaw.
  2774 | D:3      | Killed Crazy Yiuf
  2946 | D:4      | Found a hazy altar of Hepliaklqana.
  3059 | D:4      | Found a sparkling altar of Nemelex Xobeh.
  3128 | D:4      | Noticed Pikel
  3164 | D:4      | Noticed a black bear
  3170 | D:4      | Killed a black bear
  3171 | D:4      | Reached XP level 7. HP: 30/52 MP: 8/8
  3171 | D:4      | Reached *** piety under Cheibriados
  3197 | D:4      | Slain by Pikel

Illustrated notes

Levels and vault maps discovered:
D:1:      dpeg_arrival_rooms_c, layout_loops_ring,
          hellmonk_ecumenical_altar_prayer_group, chequers_serial_rivers_small_3
D:2:      layout_basic, basic_altar, chequers_big_river, nrook_loot_triangle
D:3:      layout_basic, eat_drink_and_be_merry_uskayaw, uniq_crazy_yiuf_cottage,
          uniq_grinder
D:4:      nicolae_cairo_tiling, layout_loops_ring, kennysheep_little_box,
          mainiacjoe_overflow_alcove_2, worldfamousw_hep_ancestral_shrine,
          uniq_pikel

Skill      XL: |  1  2  3  4  5  6 |
---------------+-------------------+-----
Armour         | 1 2 |  2.7
Fighting       | 2 3 |  3.4
Evocations     | 6 |  6.8
Invocations    | 1 2 |  2.1
Axes           | 4 |  4.4
Spellcasting   | |  1.0
Translocations | |  1.0

Action                     |  1- 3 |  4- 6 |  7- 9 || total
---------------------------+-------+-------+-------++-------
  Melee: Hand axe          |    68 |   188 |     4 ||   260
  Evoke: Wand              |       |     8 |     3 ||    11
   Stab: Sleeping          |       |     4 |       ||     4
 Armour: Leather armour    |    32 |    12 |       ||    44
         Ring mail         |       |    85 |     5 ||    90
  Dodge: Dodged            |    36 |    80 |       ||   116

Table legend: (Time is in decaauts)
 A = Elapsed time spent in this place.
 B = Non-inter-level travel time spent in this place.
 C = Inter-level travel time spent in this place.
 D = Time resting spent in this place.
 E = Time spent auto-exploring this place.
 F = Levels seen in this place.
 G = Mean time per level.
                   A        B        C        D        E       F      G
               +--------+--------+--------+--------+--------+-----+--------+
         Total |   4146 |   4044 |    102 |      4 |   3312 |   4 | 1036.5 |
       Dungeon |   4146 |   4044 |    102 |      4 |   3312 |   4 | 1036.5 |
               +--------+--------+--------+--------+--------+-----+--------+

Top non-repeatable levels by time:
     D:2: 1420 daAuts
     D:3: 1287 daAuts
     D:1: 976 daAuts
     D:4: 461 daAuts
